 Dungeon Crawl Stone Soup version 0.31-a0-23-gcbde74481b (webtiles) character file.

Game seed: 17380680450745827985

21 pk666 the Magician (level 2, -1/15 HPs)
             Began as a Deep Elf Hedge Wizard on May 14, 2023.
             Slain by a quokka (5 damage)
             ... on level 2 of the Dungeon.
             The game lasted 00:01:13 (1603 turns).

pk666 the Magician (Deep Elf Hedge Wizard)          Turns: 1603, Time: 00:01:13

Health: -1/15      AC:  2    Str:  7    XL:     2   Next: 65%
Magic:  1/9        EV: 12    Int: 18    God:
Gold:   57         SH:  0    Dex: 14    Spells: 9/10 levels left

rFire   . . .        a - +0 dagger
rCold   . . .        (no shield)
rNeg    . . .        b - +0 robe
rPois   .            c - +0 hat
rElec   .            (no cloak)
rCorr   .            (no gloves)
SInv    .            (no boots)
Will    .....        (no amulet)
Stlth   ++           (no ring)
HPRegen 0.22/turn    (no ring)
MPRegen 0.11/turn

%: no passive effects
@: no status effects
A: no striking features
a: no special abilities


You were on level 2 of the Dungeon.
You visited 1 branch of the dungeon, and saw 2 of its levels.

You collected 57 gold pieces.

Inventory:

Hand Weapons
 a - a +0 dagger (weapon)
Armour
 b - a +0 robe (worn)
 c - a +0 hat (worn)
Jewellery
 l - a ring of magical power
Wands
 m - a wand of polymorph (11)
Scrolls
 e - a scroll of immolation {unknown}
 g - 2 scrolls of enchant weapon {unknown}
 i - a scroll of vulnerability {unknown}
 j - a scroll of poison {unknown}
 k - 2 scrolls of blinking {unknown}
 o - a scroll of silence {unknown}
Potions
 d - a potion of magic
 f - 3 potions of curing {unknown}
 h - a potion of berserk rage {unknown}
 n - a potion of ambrosia {unknown}


   Skills:
 - Level 2.4 Dodging
 - Level 2.4 Stealth
 + Level 4.7 Spellcasting
 * Level 2.2 Conjurations
 - Level 1.1 Summonings
 + Level 1.7 Translocations


You had 9 spell levels left.
You knew the following spells:

 Your Spells              Type           Power      Damage    Failure   Level
a - Magic Dart            Conj           48%        1d5       5%          1

Your spell library contained the following spells:

 Spells                   Type           Power      Damage    Failure   Level
 Blink                    Tloc           20%        N/A       11%         2
 Call Imp                 Summ           16%        N/A       13%         2
 Slow                     Hex            16%        N/A       14%         1
 Cigotuvi's Dreadful Rot  Necr/Pois/Air  8%         N/A       21%         2
 Mephitic Cloud           Conj/Pois/Air  6%         N/A       30%         3


Dungeon Overview and Level Annotations

Branches:
Dungeon (2/15)

Altars:
Zin


Message History

The jackal bites you.
Casting: Magic Dart (safe; 5% risk of failure)
Confirm with . or Enter, or press ? or * to list all spells.
Aiming: Magic Dart (safe; 5% risk of failure)
Press: ? - help, Shift-Dir - straight line, f/p - jackal
Aim: a jackal (100% to hit)
The magic dart hits the jackal.
The jackal is heavily wounded.
The jackal bites you. x2
Casting: Magic Dart (safe; 5% risk of failure)
Confirm with . or Enter, or press ? or * to list all spells.
Aiming: Magic Dart (safe; 5% risk of failure)
Press: ? - help, Shift-Dir - straight line, f/p - jackal
Aim: a jackal (heavily wounded, 100% to hit)
The magic dart hits the jackal but does no damage.
The jackal is heavily wounded.
The jackal barely misses you.
Casting: Magic Dart (safe; 5% risk of failure)
Confirm with . or Enter, or press ? or * to list all spells.
Aiming: Magic Dart (safe; 5% risk of failure)
Press: ? - help, Shift-Dir - straight line, f/p - jackal
Aim: a jackal (heavily wounded, 100% to hit)
The magic dart hits the jackal but does no damage.
The jackal is heavily wounded.
The jackal bites you but does no damage.
The quokka bites you.
Casting: Magic Dart (safe; 5% risk of failure)
Confirm with . or Enter, or press ? or * to list all spells.
Aiming: Magic Dart (safe; 5% risk of failure)
Press: ? - help, Shift-Dir - straight line, f/p - jackal
Aim: a jackal (heavily wounded, 100% to hit)
The magic dart hits the jackal.
The jackal is almost dead.
The jackal barely misses you. The quokka bites you. The jackal bites you.
* * * LOW HITPOINT WARNING * * *
The quokka attacks as you move away!
The quokka bites you but does no damage. x2
The quokka barely misses you. The quokka attacks as you move away!
The quokka bites you.
You die...

### #.# #.# #.# #########
######.######## #.......#
..............# #.#####.########
#.####.######.# #.# #.........
.......######.###h#####.####....
................@r.....†.....>).
..........#.......#####.####...
..........#.....#.#.....#
..........#...#.#.#.#####
..#.##...................#
..#.#####.#.#.#.<...####.#
................#........#
..#.####.............###.#
....#...[.....##.....###.#


You could see a quokka and a jackal.

Vanquished Creatures
  A dart slug (D:2)
  2 bats (D:1)
  An endoplasm (D:1)
  A giant cockroach (D:1)
  5 hobgoblins
  A jackal (D:2)
  A quokka (D:1)
  2 ball pythons (D:1)
  2 frilled lizards (D:2)
  A goblin (D:1)
  A kobold (D:1)
18 creatures vanquished.

Notes
Turn   | Place    | Note
-------+----------+-------------------------------------------
     0 | D:1      | pk666 the Deep Elf Hedge Wizard began the quest for the
                  | Orb.
     0 | D:1      | Reached XP level 1. HP: 10/10 MP: 7/7
   390 | D:1      | Reached XP level 2. HP: 14/15 MP: 0/9
  1383 | D:2      | Found a glowing silver altar of Zin.
  1603 | D:2      | Slain by a quokka

Illustrated notes

Levels and vault maps discovered:
D:1:      psy_arrival_statuary, layout_loops_ring, minivault_26
D:2:      layout_basic, basic_altar, nrook_mini_vaults

Skill      XL: |  1  2 |
---------------+-------+-----
Conjurations   | 2 |  2.2
Dodging        | |  2.4
Stealth        | |  2.4
Spellcasting   | |  4.7
Summonings     | |  1.1
Translocations | |  1.7

Action                     || total
---------------------------++-------
   Cast: Magic Dart        ||    54
 Armour: Robe              ||     7
  Dodge: Dodged            ||    11

Table legend: (Time is in decaauts)
 A = Elapsed time spent in this place.
 B = Non-inter-level travel time spent in this place.
 C = Inter-level travel time spent in this place.
 D = Time resting spent in this place.
 E = Time spent auto-exploring this place.
 F = Levels seen in this place.
 G = Mean time per level.
                   A        B        C        D        E       F      G
               +--------+--------+--------+--------+--------+-----+--------+
         Total |   1602 |   1560 |     42 |     19 |   1429 |   2 |  801.0 |
       Dungeon |   1602 |   1560 |     42 |     19 |   1429 |   2 |  801.0 |
               +--------+--------+--------+--------+--------+-----+--------+

Top non-repeatable levels by time:
     D:1: 1057 daAuts
     D:2: 545 daAuts
